 Dungeon Crawl Stone Soup version 0.29-a0-789-g7a8fcbc185 (webtiles) character file.

Game seed: 18044441785034279709

3049 greasedhog the Cruncher (level 10, -28/80 HPs)
             Began as a Formicid Fighter on July 2, 2022.
             Killed from afar by an acid dragon (29 damage)
             ... with a splash of acid
             ... on level 9 of the Dungeon.
             The game lasted 00:12:03 (9052 turns).

greasedhog the Cruncher (Formicid Fighter)          Turns: 9052, Time: 00:12:04

Health: -28/80     AC:  7    Str: 31    XL:     10   Next: 11%
Magic:  10/10      EV:  8    Int:  8    God:
Gold:   152        SH:  5    Dex: 13    Spells: 9/9 levels left

rFire   + . .      SeeInvis +   a - +1 quarterstaff
rCold   + . .      Faith    .   c - +0 buckler
rNeg    + . .      Spirit   .   z - +0 chain mail
rPois   .          Reflect  .   (helmet unavailable)
rElec   .          Harm     .   u - scarf {rC+ rF+}
rCorr   .          Rampage  .   q - +0 pair of gloves
Will    +....                   t - +0 pair of boots
Stlth   ..........              (no amulet)
HPRegen 0.23/turn               l - +6 ring of strength
MPRegen 0.12/turn               w - ring of positive energy

@: mighty, corroded
A: permanent stasis, dig shafts and tunnels, antennae 3, four strong arms
a: Dig, Shaft Self


You were on level 9 of the Dungeon.
You visited 1 branch of the dungeon, and saw 9 of its levels.

You collected 339 gold pieces.
You spent 187 gold pieces at shops.

Inventory:

Hand Weapons
 a - a +1 quarterstaff (weapon)
Armour
 c - a +0 buckler (worn)
 q - a +0 pair of gloves (worn)
 t - a +0 pair of boots (worn)
 u - a scarf of resistance (worn)
 x - a +0 tower shield
 z - a +0 chain mail (worn)
Jewellery
 l - a +6 ring of strength (left hand)
 w - a ring of positive energy (right hand)
 C - the amulet of Nuseti {Spirit rN+ Int-5 Dex+3 Stlth+}
   (You bought it in a shop on level 9 of the Dungeon)

   [amulet of guardian spirit]

   It causes incoming damage to be divided between your reserves of health and
   magic.
   Int:       It affects your intelligence (-5).
   Dex:       It affects your dexterity (+3).
   rN:        It protects you from negative energy.
   Stlth:     It makes you more stealthy.
Wands
 p - a wand of flame (25)
Scrolls
 j - a scroll of amnesia
 n - 2 scrolls of torment
 r - a scroll of summoning
 v - a scroll of magic mapping
 y - a scroll of fog
 A - a scroll of fear
 B - a scroll of identify
Potions
 b - a potion of ambrosia {unknown}
 e - a potion of attraction {unknown}
 f - a potion of brilliance
 g - 4 potions of curing
 h - 2 potions of haste
 i - a potion of flight {unknown}
 k - 2 potions of degeneration {unknown}
 m - 2 potions of heal wounds {unknown}
 o - a potion of magic {unknown}
 s - a potion of resistance {unknown}
 D - a potion of mutation {unknown}


   Skills:
 * Level 7.8 Fighting
 * Level 10.8 Staves
 - Level 3.2 Armour
 - Level 4.0 Shields
 - Level 5.3 Evocations


You had 9 spell levels left.
You didn't know any spells.
Your spell library contained the following spells:

 Spells                   Type           Power      Damage    Failure   Level
 Magic Dart               Conj           0%         1d3       95%         1
 Slow                     Hex            0%         N/A       95%         1
 Searing Ray              Conj           0%         2d4       98%         2
 Confusing Touch          Hex            0%         N/A       100%        3
 Gell's Gravitas          Tloc           0%         N/A       100%        3
 Teleport Other           Tloc           0%         N/A       100%        3
 Vampiric Draining        Necr           0%         2d6       100%        3
 Fulminant Prism          Conj/Hex       0%         3d6       100%        4
 Manifold Assault         Tloc           0%         N/A       100%        5
 Dispersal                Tloc           0%         N/A       100%        6
 Storm Form               Tmut/Air       0%         N/A       100%        7
 Blink                    Tloc           Unusable   N/A       N/A         2

Dungeon Overview and Level Annotations

Branches:
Dungeon (8/15)             Temple (0/1) D:7
   Lair: D:8-11

Altars:
Hepliaklqana
Zin

Shops:
D:6 (   D:9 *

Annotations:
D:5 2 transporters, buhh's ghost, amateur OpTm
D:7 2 transporters


Innate Abilities, Weirdness & Mutations

You cannot be hasted, slowed, berserked, paralysed or teleported.
You can dig through walls and to a lower floor.
You have a pair of large antennae on your head. (SInv)
Your four strong arms can wield two-handed weapons with a shield.


Message History

The acid dragon spits acid at you. The splash of acid hits you!
* * * LOW HITPOINT WARNING * * *
The acid corrodes you! The orc closely misses you.
The orc hits you with a +0 flail.
* * * LOW HITPOINT WARNING * * *
You feel very mighty all of a sudden.
The orc hits you but does no damage. x2; The acid dragon bites you.
* * * LOW HITPOINT WARNING * * *
The acid dragon claws you.
* * * LOW HITPOINT WARNING * * *
You sock the acid dragon!
The acid dragon is heavily wounded.
You feel less confused.
You completely miss the acid dragon.
The acid dragon is heavily wounded.
The orc closely misses you. The orc hits you with a +0 flail.
* * * LOW HITPOINT WARNING * * *
The acid dragon bites you.
* * * LOW HITPOINT WARNING * * *
The acid dragon closely misses you.
You hit the acid dragon.
The acid dragon is heavily wounded.
The orc hits you with a +0 mace.
* * * LOW HITPOINT WARNING * * *
The orc barely misses you. You block the acid dragon's attack.
The acid dragon claws you but does no damage.
Unknown command.
You barely miss the acid dragon.
The acid dragon is heavily wounded.
You block the orc's attack. The orc hits you with a +0 flail.
* * * LOW HITPOINT WARNING * * *
The acid dragon bites you!
* * * LOW HITPOINT WARNING * * *
The acid dragon claws you but does no damage.
You barely miss the acid dragon.
The acid dragon is heavily wounded.
The acid dragon spits acid at you. The splash of acid hits you!!
You die...

....###....)...
...............
.........................
.........................
.........................
.....................)...
.........................
................@........
...............Doo.....[.
...............).........
.........................
..............)..........
.........................
.........#...............
.........##...#..........
..........#...#..........


You could see an acid dragon (catching breath) and 2 orcs.

Vanquished Creatures
  Pikel (D:6)
  Prince Ribbit (D:5)
  A wyvern (D:7)
  A steam dragon (D:8)
  Duvessa (D:6)
  3 ice beasts
  A sky beast (D:7)
  An ogre (D:6)
  4 lemures (D:6)
  A kobold brigand (D:5)
  A bullfrog (D:7)
  2 necrophages
  4 scorpions
  6 wights (D:6)
  Dowan (D:6)
  A howler monkey (D:4)
  2 hounds
  2 jellies (D:5)
  2 orc priests
  5 iguanas
  5 orc wizards
  11 gnolls
  8 adders
  An ufetubus (D:5)
  A worm (D:4)
  2 dart slugs
  25 orcs
  8 ball pythons
  5 endoplasms (D:1)
  5 giant cockroaches
  6 goblins
  7 hobgoblins
  3 quokkas
  2 bats
  9 frilled lizards
  11 kobolds
  3 rats
153 creatures vanquished.

Vanquished Creatures (others)
  8 plants (D:4)
8 creatures vanquished.

Grand Total: 161 creatures vanquished

Notes
Turn   | Place    | Note
-------+----------+-------------------------------------------
     0 | D:1      | greasedhog the Formicid Fighter began the quest for the
                  | Orb.
     0 | D:1      | Reached XP level 1. HP: 18/18 MP: 1/1
   366 | D:1      | Reached XP level 2. HP: 20/24 MP: 2/2
   410 | D:1      | Reached skill level 3 in Staves
   869 | D:1      | Reached XP level 3. HP: 29/29 MP: 3/3
  1030 | D:1      | Found a faded altar of an unknown god.
  1577 | D:2      | Reached skill level 4 in Staves
  1577 | D:2      | Reached XP level 4. HP: 35/35 MP: 4/4
  1955 | D:2      | Reached XP level 5. HP: 41/41 MP: 5/5
  2442 | D:3      | Reached skill level 5 in Staves
  2465 | D:3      | Reached skill level 1 in Evocations
  2902 | D:3      | Reached XP level 6. HP: 32/47 MP: 6/6
  3409 | D:3      | Found a hazy altar of Hepliaklqana.
  3876 | D:4      | Reached skill level 6 in Staves
  4555 | D:4      | Reached XP level 7. HP: 49/52 MP: 7/7
  5191 | D:5      | Entered Level 5 of the Dungeon
  5191 | D:5      | Noticed buhh's ghost (amateur OpTm)
  5191 | D:5      | Found a transporter.
  5200 | D:5      | Found a transporter.
  5516 | D:5      | Reached skill level 7 in Staves
  6077 | D:5      | Reached XP level 8. HP: 52/58 MP: 8/8
  6275 | D:6      | Found Echualu's Weapon Shop.
  6284 | D:6      | Bought a throwing net for 33 gold pieces
  6417 | D:6      | Reached skill level 8 in Staves
  6565 | D:6      | Noticed Prince Ribbit
  6598 | D:5      | Killed Prince Ribbit
  6599 | D:5      | Reached skill level 5 in Evocations
  6974 | D:6      | Noticed Pikel
  7089 | D:6      | Killed Pikel
  7090 | D:6      | Reached skill level 5 in Fighting
  7090 | D:6      | Reached skill level 9 in Staves
  7090 | D:6      | Reached XP level 9. HP: 39/68 MP: 9/9
  7268 | D:6      | Noticed Duvessa
  7268 | D:6      | Noticed Dowan
  7290 | D:6      | Killed Duvessa
  7301 | D:6      | Killed Dowan
  7617 | D:6      | Reached skill level 10 in Staves
  7920 | D:7      | Found a transporter.
  7925 | D:7      | Found a transporter.
  7925 | D:7      | Noticed a slime creature
  7927 | D:7      | Noticed a troll
  7937 | D:7      | Found a staircase to the Ecumenical Temple.
  8129 | D:7      | Found a glowing silver altar of Zin.
  8363 | D:7      | Reached XP level 10. HP: 75/79 MP: 10/10
  8749 | D:8      | You fall into a shaft and drop 1 floor!
  8749 | D:9      | Found Bissu's Assorted Antiques.
  8933 | D:9      | Bought a scroll of identify for 44 gold pieces
  8933 | D:9      | Bought a steaming bone amulet for 110 gold pieces
  8933 | D:9      | Identified the amulet of Nuseti {Spirit rN+ Int-5 Dex+3
                  | Stlth+} (You bought it in a shop on level 9 of the Dungeon)
  9051 | D:9      | HP: 1/80 [acid dragon (8)]
  9052 | D:9      | Killed from afar by an acid dragon

Illustrated notes

Levels and vault maps discovered:
D:1:      nagdon_arrival_double_spiral, layout_loops_cross,
          shapermc_ecumenical_altar_mp_vishouse, minmay_misc_feat_four_crosses
D:2:      layout_loops_ring, serial_aquarium, aquarium_bridge_long_joined
          [aquarium_subvault_bridge, aquarium_subvault_window,
          aquarium_subvault_bridge, aquarium_subvault_bridge,
          aquarium_subvault_wall, aquarium_subvault_balcony],
          aquarium_bridge_square [aquarium_subvault_bridge,
          aquarium_subvault_bridge, aquarium_subvault_window,
          aquarium_subvault_bridge], aquarium_window_2, aquarium_window_1,
          aquarium_view_2e, aquarium_view_2e, minmay_parallelograms
D:3:      layout_basic, mainiacjoe_overflow_six_doors_small
D:4:      layout_cave_pods, serial_co_window_serial, co_window_paths_a,
          co_window_paths_b, co_window_of_opportunity_a, co_window_corner_a,
          co_window_of_opportunity_a, co_window_paths_a, co_window_paths_b,
          co_window_broadway_b, co_window_cross_3, co_window_corner_b,
          co_window_4corner_a, glass_columns_b, glass_columns_b,
          glass_columns_c, glass_columns_a, glass_columns_c, minmay_lizard_king
D:5:      layout_loops_cross, gammafunk_ghost_arena
D:6:      layout_rooms, serial_shops, nicolae_shop_bloodbath_and_beyond,
          uniq_pikel, uniq_prince_ribbit1, uniq_duvessa
D:7:      layout_basic, gammafunk_temple_overflow_arena,
          minmay_temple_entry_overgrown, minmay_misc_feat_columns
D:8:      layout_loops_ring, erik_lair_island, minmay_misc_feat_secret_circle
D:9:      layout_cross, mainiacjoe_overflow_tiny_flanked, serial_shops, shop

Skill      XL: |  1  2  3  4  5  6  7  8  9 |
---------------+----------------------------+-----
Staves         | 3 4 5 6 7 9 10 | 10.8
Evocations     | 2 4 5 |  5.3
Fighting       | 5 7 |  7.8
Armour         | |  3.2
Shields        | |  4.0

Action                   |  1- 3 |  4- 6 |  7- 9 | 10-12 || total
-------------------------+-------+-------+-------+-------++-------
Melee: Quarterstaff      |   115 |   158 |   298 |    58 ||   629
Throw: Throwing net      |       |       |     1 |       ||     1
 Abil: Shaft Self        |       |       |       |     1 ||     1
Evoke: Wand              |       |     3 |     2 |       ||     5
  Use: Scroll            |     2 |     1 |     6 |     1 ||    10
       Potion            |       |       |     4 |     2 ||     6
 Stab: Held in net/web   |       |       |     2 |       ||     2
Armor: Scale mail        |    44 |    56 |    26 |       ||   126
       Chain mail        |       |       |    60 |    39 ||    99
Dodge: Dodged            |    50 |    51 |    88 |    38 ||   227
Block: Buckler           |    25 |    19 |    57 |    20 ||   121

Table legend: (Time is in decaauts)
 A = Elapsed time spent in this place.
 B = Non-inter-level travel time spent in this place.
 C = Inter-level travel time spent in this place.
 D = Time resting spent in this place.
 E = Time spent auto-exploring this place.
 F = Levels seen in this place.
 G = Mean time per level.
                   A        B        C        D        E       F      G
               +--------+--------+--------+--------+--------+-----+--------+
         Total |   9044 |   8810 |    234 |   1617 |   5723 |   9 | 1004.9 |
       Dungeon |   9044 |   8810 |    234 |   1617 |   5723 |   9 | 1004.9 |
               +--------+--------+--------+--------+--------+-----+--------+

Top non-repeatable levels by time:
     D:4: 1602 daAuts
     D:3: 1399 daAuts
     D:1: 1349 daAuts
     D:5: 1316 daAuts
     D:6: 1256 daAuts
     D:2: 963 daAuts
     D:7: 729 daAuts
     D:9: 294 daAuts
     D:8: 132 daAuts
